 Dungeon Crawl Stone Soup version 0.18-a0-750-g37044d6 (webtiles) character file.

86 JokEr the Ruffian (level 4, -4/41 HPs)
             Began as a Ghoul Monk on Dec 11, 2015.
             Slain by kal9871's ghost (24 damage)
             ... on level 3 of the Dungeon.
             The game lasted 00:05:17 (1608 turns).

JokEr the Ruffian (Ghoul Monk)                      Turns: 1608, Time: 00:05:17

Health: -4/41      AC:  9    Str: 15    XL:     4   Next: 49%
Magic:  3/3        EV: 11    Int:  5    God:
Gold:   83         SH:  0    Dex: 11    Spells: 0 memorised, 3 levels left

rFire  . . .     SeeInvis .       - Unarmed
rCold  + . .     Clarity  .     d - +0 ring mail
rNeg   + + +     SustAt   .     (no shield)
rPois  ∞         Gourm    .     (no helmet)
rElec  .         Spirit   .     (no cloak)
rCorr  .         Dismiss  .     (no gloves)
rMut   .         Stasis   .     (no boots)
MR     .....                    (no amulet)
Stlth  +.........               (no ring)
                                q - +4 ring of protection

@: rotting, not resistant to hostile enchantments, very unstealthy
A: rotting body, claws 1, carnivore 3, cold resistance 1, negative energy
resistance 3, slow regeneration 1, torment resistance, unbreathing
a: no special abilities


You were on level 3 of the Dungeon.
You were not hungry.

You visited 1 branch of the dungeon, and saw 3 of its levels.

You collected 83 gold pieces.

Inventory:

Armour
 d - a +0 ring mail (worn)
Jewellery
 q - a +4 ring of protection (left claw)
Potions
 e - a potion of heal wounds {unknown}
 h - a potion of agility {unknown}
 i - 3 potions of curing {unknown}
 j - 2 potions of brilliance {unknown}
 r - a potion of cancellation {unknown}
Comestibles
 a - 2 beef jerkies
 b - 4 meat rations


   Skills:
 + Level 4.5 Fighting
 - Level 2.6 Dodging
 - Level 2.1 Stealth
 + Level 5.5 Unarmed Combat


You had 3 spell levels left.
You didn't know any spells.

Dungeon Overview and Level Annotations

Branches:
Dungeon (3/15)

Altars:
Fedhas
Nemelex Xobeh
Pakellas

Annotations:
D:3 kal9871's ghost, amateur DsCK


Innate Abilities, Weirdness & Mutations

Your body is rotting away.
You thrive on raw meat.
You are immune to poison.
You have sharp fingernails.
You are carnivorous and can eat meat at any time.
Your flesh is cold resistant.
You are immune to negative energy.
You regenerate slowly when monsters are visible.
You are immune to unholy pain and torment.
You can survive without breathing.


Message History

Kal9871's ghost is heavily damaged.
Kal9871's ghost hits you but does no damage.
Your ring mail prevents you from hitting kal9871's ghost.
Your claw misses kal9871's ghost.
Kal9871's ghost is heavily damaged.
Kal9871's ghost hits you but does no damage.
You are electrocuted!
You barely miss kal9871's ghost.
Kal9871's ghost is heavily damaged.
Kal9871's ghost hits you but does no damage.
A quokka comes into view.
You barely miss kal9871's ghost.
Kal9871's ghost is heavily damaged.
Kal9871's ghost closely misses you.
You closely miss kal9871's ghost.
Kal9871's ghost is heavily damaged.
Kal9871's ghost hits you but does no damage.
Space warps horribly around you!
Ouch! That really hurt!
You die...

######.## ........>#
#.#####..# #.# #..# #
# #.# #..# #.#. ###.#
#..# .... ...#
###..######
#.##..##.###.........#
#........W@..........#
...%#!.#.###.........#
. ##.#.# #.(.).....#
#.#.###.........#
#.#........######
#.#.......%#
...<........#
##.#........#
............+


You could see kal9871's ghost.

Vanquished Creatures
  4 adders (D:2)
  7 bats
  5 giant cockroaches
  7 hobgoblins
  3 jackals (D:2)
  A giant newt (D:1)
  12 goblins
  5 kobolds
  5 rats
49 creatures vanquished.

Notes
Turn   | Place    | Note
--------------------------------------------------------------
     0 | D:1      | JokEr the Ghoul Monk began the quest for the Orb.
     0 | D:1      | Reached XP level 1. HP: 19/19 MP: 0/0
   203 | D:1      | Reached XP level 2. HP: 24/26 MP: 1/1
   461 | D:1      | Reached skill level 5 in Unarmed Combat
   463 | D:1      | Reached XP level 3. HP: 25/33 MP: 2/2
   859 | D:2      | Found a sparkling altar of Nemelex Xobeh.
   999 | D:2      | Found an oddly glowing altar of Pakellas.
  1160 | D:2      | Reached XP level 4. HP: 40/40 MP: 3/3
  1290 | D:2      | Found a blossoming altar of Fedhas.
  1590 | D:3      | Noticed kal9871's ghost (amateur DsCK)
  1608 | D:3      | Slain by kal9871's ghost

Vault maps used:
D:1:      dpeg_arrival_snail, minmay_hedge_maze, st_stairs_9
D:2:      lemuel_crystal_altar, lemuel_doored_altar,
          nemelex_xobeh_ov_fountains_minmay, minmay_goblin_kobold_house
D:3:      lemuel_coloured_pillars_altar, first_bread, kennysheep_generic_room_15

Action                   |  1- 3 |  4- 6 || total
-------------------------+-------+-------++-------
Melee: Unarmed           |   105 |    50 ||   155
  Use: Scroll            |       |     8 ||     8
 Stab: Sleeping          |     1 |     1 ||     2
  Eat: Chunk             |     7 |     6 ||    13
